AoeStats
← Whololo_95

Oasis

510140762Analyzed
3v3 RM · 3d ago on Sep 29, 2026· 66m 14s· 6 players
Game mode
Random Map
Map size
Normal (6 player)
Population
200
Speed
Normal
Resources
Standard
Victory
Conquest
Starting age
Dark Age
Ending age
Imperial Age
RankedLock teamsTeams togetherTeam positionsShared explorationLock speedFull tech treeHidden civsTurbo modeCheats
Victory
Defeat
🇩🇪 Vietnamese · Germany
1047
+11
🇩🇪 Saxons · Germany
920
+16
🇩🇪 Varangians · Germany
909
+16
🇨🇳 Franks · China
934
-15
🇨🇳 Bulgarians · China
914
-14
🇨🇳 Turks · China
914
-14
种菜农夫
11:32 Feudal Age
18:21 Loom
21:29 Castle Age
22:57 Man-at-Arms
30:13 Scale Barding Armor
32:51 Husbandry
37:22 Imperial Age
35:13 Husbandry
36:56 Double-Bit Axe
37:04 Stone Mining
37:09 Gold Mining
37:52 Chain Barding Armor
37:43 Forging
38:52 Wheelbarrow
38:10 Cavalier
39:56 Plate Barding Armor
41:38 Hand Cart
43:15 Paladin
44:56 Chivalry
48:00 Iron Casting
49:43 Light Cavalry
51:27 Blast Furnace
52:03 Coinage
51:34 Caravan
56:50 Banking
小肉肉ovo
11:17 Feudal Age
11:47 Double-Bit Axe
16:36 Castle Age
15:41 Gold Mining
15:37 Horse Collar
20:35 Stone Mining
24:52 Gold Shaft Mining
26:04 Bow Saw
27:14 Wheelbarrow
26:30 Town Watch
26:30 Loom
32:27 Heavy Plow
33:38 Man-at-Arms
37:04 Imperial Age
36:18 Fletching
36:42 Forging
36:37 Scale Barding Armor
36:24 Fletching
36:34 Padded Archer Armor
36:52 Bloodlines
36:44 Husbandry
36:50 Scale Mail Armor
36:58 Long Swordsman
37:40 Squires
37:25 Arson
38:18 Elite Janissary
39:19 Conscription
39:31 Bodkin Arrow
39:52 Leather Archer Armor
40:12 Iron Casting
39:58 Chain Barding Armor
39:34 Heavy Camel Rider
42:55 Plate Barding Armor
43:21 Blast Furnace
45:14 Bracer
47:36 Chain Mail Armor
49:51 Artillery
50:27 Ballistics
50:17 Masonry
49:51 Treadmill Crane
50:03 Heated Shot
52:18 Caravan
55:37 Two-Man Saw
54:50 Two-Handed Swordsman
56:19 Coinage
55:59 Guilds
57:30 Champion
57:42 Champion
世锦赛冠军
3:57 Loom
10:34 Feudal Age
11:03 Double-Bit Axe
18:21 Forging
18:12 Scale Mail Armor
19:42 Bloodlines
24:08 Castle Age
22:48 Scale Barding Armor
26:41 Husbandry
26:01 Light Cavalry
27:46 Wheelbarrow
28:45 Bow Saw
32:47 Squires
37:15 Imperial Age
34:32 Horse Collar
35:34 Hand Cart
36:27 Iron Casting
36:09 Chain Mail Armor
36:43 Gold Mining
36:43 Stone Mining
37:15 Heavy Plow
38:06 Chain Barding Armor
39:08 Conscription
39:40 Bagains
42:50 Blast Furnace
43:36 Elite Konnik
44:11 Stirrups
48:18 Hussar
49:54 Plate Mail Armor
50:01 Plate Barding Armor
54:31 Pikeman
54:57 Gambesons
56:13 Coinage
57:43 Banking
57:27 Caravan
NoHara
3:25 Loom
10:12 Feudal Age
11:46 Double-Bit Axe
11:44 Horse Collar
13:19 Bloodlines
18:17 Wheelbarrow
23:42 Castle Age
22:11 Fletching
22:21 Padded Archer Armor
23:12 Padded Archer Armor
24:06 Stone Mining
24:07 Gold Mining
25:11 Hand Cart
25:36 Bow Saw
25:31 Heavy Plow
26:29 Forging
26:19 Scale Mail Armor
26:15 Bodkin Arrow
26:36 Leather Archer Armor
29:49 Gambesons
30:07 Squires
29:54 Arson
34:04 Stone Mining
35:28 Scale Barding Armor
35:58 Iron Casting
35:42 Chain Mail Armor
35:43 Leather Archer Armor
36:08 Ballistics
36:22 Husbandry
36:44 Chain Barding Armor
36:57 Town Watch
48:00 Imperial Age
45:45 Vendel Legacy
48:00 Pikeman
49:21 Bracer
49:53 Plate Mail Armor
50:15 Conscription
52:02 Blast Furnace
51:39 Plate Barding Armor
51:27 Halberdier
52:26 Cavalier
55:17 Two-Man Saw
54:54 Crop Rotation
59:23 Elite Varangian Guard
Lux
10:48 Feudal Age
12:45 Wheelbarrow
13:19 Loom
15:58 Castle Age
17:20 Hand Cart
16:54 Double-Bit Axe
16:51 Horse Collar
17:03 Gold Mining
18:08 Fletching
20:00 Padded Archer Armor
22:41 Bow Saw
25:47 Bodkin Arrow
26:41 Stone Mining
26:52 Heavy Plow
27:13 Leather Archer Armor
27:02 Town Watch
29:15 Stone Shaft Mining
31:43 Imperial Age
30:30 Ballistics
30:10 Murder Holes
30:38 Town Patrol
30:31 Crossbowman
31:01 Pikeman
31:44 Squires
33:37 Two-Man Saw
33:08 Crop Rotation
34:07 Arbalester
34:52 Thumb Ring
35:58 Chemistry
35:06 Scale Mail Armor
35:17 Forging
36:37 Halberdier
38:13 Siege Engineers
38:36 Chain Mail Armor
38:57 Iron Casting
39:15 Bracer
40:38 Plate Mail Armor
40:17 Treadmill Crane
44:43 Ring Archer Armor
45:25 Husbandry
45:35 Bloodlines
44:47 Light Cavalry
46:36 Heavy Cavalry Archer
46:38 Elite Skirmisher
51:43 Elite Battle Elephant
52:33 Scale Barding Armor
53:58 Chain Barding Armor
53:54 Masonry
53:35 Guard Tower
53:26 Imperial Skirmisher
58:32 Plate Barding Armor
63:16 Keep
62:27 Arrowslits
Whololo_95
10:47 Feudal Age
13:44 Wheelbarrow
12:38 Man-at-Arms
18:42 Horse Collar
18:55 Gold Mining
19:16 Forging
19:07 Scale Mail Armor
23:21 Castle Age
21:54 Arson
26:13 Double-Bit Axe
29:04 Bow Saw
29:49 Heavy Plow
29:40 Loom
31:25 Gold Shaft Mining
30:44 Stone Mining
36:24 Iron Casting
36:05 Chain Mail Armor
36:10 Hand Cart
47:09 Imperial Age
48:33 Elite Varangian Guard
49:34 Elite Hearth Troop
49:37 Shield Wall
50:39 Conscription
51:08 Onager
54:20 Pikeman
55:01 Squires
58:33 Plate Mail Armor
Connection lost

Rejoining the realm…

Still unreachable

The connection could not be restored.

Session expired

The server has moved on; the page needs a fresh start.